 Dungeon Crawl Stone Soup version 0.24-b1 (webtiles) character file.

Game seed: 15203231570187337452, levelgen mode: deterministic

175 Heliosone the Slasher (level 5, -1/41 HPs)
             Began as a Human Gladiator on Oct 12, 2019.
             Was an Initiate of Gozag.
             Hit by a boomerang thrown by an orc (5 damage)
             ... on level 3 of the Dungeon.
             The game lasted 00:03:00 (2174 turns).

Heliosone the Slasher (Human Gladiator)             Turns: 2174, Time: 00:03:01

Health: -1/41      AC:  4    Str: 15    XL:     5   Next: 85%
Magic:  5/5        EV: 14    Int:  9    God:    Gozag
Gold:   165        SH:  0    Dex: 14    Spells: 4/4 levels left

rFire    . . .     SeeInvis .   a - +0 long sword
rCold    . . .     Gourm    .   (no shield)
rNeg     . . .     Faith    .   b - +0 leather armour
rPois    .         Spirit   .   c - +0 helmet
rElec    .         Reflect  .   (no cloak)
rCorr    .         Harm     .   (no gloves)
MR       .....                  (no boots)
Stlth    +.........             (no amulet)
HPRegen  0.13/turn              (no ring)
MPRegen  0.09/turn              (no ring)

@: no status effects
A: no striking features
a: Potion Petition, Call Merchant, Bribe Branch, Renounce Religion


You were on level 3 of the Dungeon.
You worshipped Gozag.
Gozag was aware of your devotion.
You were not hungry.

You visited 1 branch of the dungeon, and saw 3 of its levels.

You collected 197 gold pieces.
You paid 32 gold pieces to Gozag.

Inventory:

Hand Weapons
 a - a +0 long sword (weapon)
Missiles
 d - 3 throwing nets
 j - 4 curare-tipped darts
 n - 13 poisoned darts (quivered)
Armour
 b - a +0 leather armour (worn)
 c - a +0 helmet (worn)
Jewellery
 g - an uncursed amulet of the acrobat {unknown}
 l - a cursed -3 ring of strength {unknown}
Scrolls
 e - a scroll of magic mapping {unknown}
 i - a scroll of fog {unknown}
 k - 3 scrolls of remove curse {unknown}
 m - a scroll of amnesia {unknown}
 p - a scroll of fear {unknown}
 s - a scroll of teleportation {unknown}
Potions
 h - a potion of berserk rage {unknown}
 o - 2 potions of lignification {unknown}
 q - a potion of magic {unknown}
 r - a potion of curing {unknown}
Comestibles
 f - 4 rations


   Skills:
 + Level 3.5 Fighting
 + Level 4.2 Long Blades
 - Level 2.0 Throwing
 + Level 4.2 Dodging


You had 4 spell levels left.
You didn't know any spells.
Your spell library was empty.

Dungeon Overview and Level Annotations

Branches:
Dungeon (3/15)

Altars:
Gozag


Message History

The orc shouts!
Your leather armour prevents you from hitting the orc priest.
The orc priest is heavily wounded.
The orc throws a boomerang.
The boomerang hits you.
The weapon returns to the orc!
The orc priest hits you with a +0 flail.
* * * LOW HITPOINT WARNING * * *
You hit the orc priest but do no damage.
The orc priest is heavily wounded.
The orc throws a boomerang.
The boomerang hits you.
* * * LOW HITPOINT WARNING * * *
The weapon returns to the orc!
The orc priest barely misses you.
You hit the orc priest.
The orc priest is almost dead.
The orc throws a boomerang.
The boomerang hits you.
* * * LOW HITPOINT WARNING * * *
The weapon returns to the orc!
The orc priest closely misses you.
The orc throws a boomerang.
The boomerang hits you.
You die...
Your body crumbles into a pile of gold.

#.$........###..####....
#...o.#.##.......#..... #
...$.(#.######.#...#.##.#
......o.# #....#........
.......########............
...........oo....o........
#......##########o.#.....##
###....##########.#....#..#
#.#...........@o.........
...#.######.............#.
#.# #. #........<....... #.
## #................
...................
...#...............#
...#...............# ..
##.............##
##.....#.....##


You could see an orc priest and 2 orcs.

Vanquished Creatures
  A big kobold (D:2)
  A howler monkey (D:3)
  2 adders
  An ooze (D:2)
  A dart slug (D:1)
  2 leopard geckos
  2 orcs (D:3)
  3 bats
  A giant cockroach (D:2)
  8 goblins
  5 hobgoblins
  2 jackals (D:1)
  A quokka (D:2)
  3 frilled lizards
  3 kobolds
  2 rats (D:3)
38 creatures vanquished.

Notes
Turn   | Place    | Note
-------+----------+-------------------------------------------
     0 | D:1      | Heliosone the Human Gladiator began the quest for the Orb.
     0 | D:1      | Reached XP level 1. HP: 16/16 MP: 1/1
    34 | D:1      | Reached XP level 2. HP: 12/22 MP: 2/2
   773 | D:2      | Reached XP level 3. HP: 24/28 MP: 3/3
  1048 | D:2      | Found an opulent altar of Gozag.
  1080 | D:2      | Became a worshipper of Gozag Ym Sagoz the Greedy
  1171 | D:2      | Noticed a big kobold
  1186 | D:2      | Killed a big kobold
  1186 | D:2      | Reached XP level 4. HP: 13/35 MP: 4/4
  1186 | D:2      | Reached XP level 5. HP: 15/41 MP: 5/5
  2174 | D:3      | Hit by a boomerang thrown by an orc

Skill      XL: |  1  2  3  4  5 |
---------------+----------------+-----
Fighting       | 3 |  3.5
Long Blades    | 4 |  4.2
Dodging        | 4 |  4.2
Throwing       | |  2.0

Action                   |  1- 3 |  4- 6 || total
-------------------------+-------+-------++-------
Melee: Long sword        |    72 |    67 ||   139
  Eat: Chunk             |     1 |       ||     1
       Ration            |       |     1 ||     1
Armor: Leather armour    |    27 |    17 ||    44
Dodge: Dodged            |    57 |    61 ||   118
       Rpst.: Long sword |    19 |    12 ||    31
